 Dungeon Crawl Stone Soup version 0.26.0-10-g1f06aea511 (webtiles) character file.

Game seed: 7117008295250881066

102 HoaS the Ruffian (level 4, -3/36 HPs)
             Began as a Ghoul Gladiator on Jan 23, 2021.
             Killed by divine providence
             ... invoked by an orc priest
              (8 damage)
             ... on level 3 of the Dungeon.
             The game lasted 00:03:25 (1428 turns).

HoaS the Ruffian (Ghoul Gladiator)                  Turns: 1428, Time: 00:03:26

Health: -3/36      AC:  7    Str: 18    XL:     4   Next: 77%
Magic:  0/3        EV: 11    Int:  3    God:
Gold:   113        SH:  0    Dex: 10    Spells: 3/3 levels left

rFire    . . .     SeeInvis .     - Unarmed
rCold    + . .     Faith    .   (no shield)
rNeg     + + +     Spirit   +   g - +0 ring mail (curse)
rPois    ∞         Reflect  .   b - +1 helmet
rElec    .         Harm     .   (no cloak)
rCorr    .         Rampage  .   (no gloves)
Will     .....                  (no boots)
Stlth    ..........             h - amulet of guardian spirit
HPRegen  0.00/turn              (no ring)
MPRegen  0.08/turn              (no ring)

@: no status effects
A: claws 1, cold resistance 1, negative energy resistance 3, inhibited
regeneration, torment resistance, unbreathing
a: no special abilities


You were on level 3 of the Dungeon.
You visited 1 branch of the dungeon, and saw 3 of its levels.

You collected 113 gold pieces.

Inventory:

Missiles
 a - 2 atropa-tipped darts
 c - 3 throwing nets (quivered)
Armour
 b - a +1 helmet (worn)
 g - a cursed +0 ring mail (worn)
Jewellery
 d - an uncursed ring of positive energy {unknown}
 h - an amulet of guardian spirit (around neck)
Scrolls
 e - 2 scrolls of teleportation
Potions
 f - a potion of flight {unknown}
 j - a potion of berserk rage {unknown}
 k - 2 potions of heal wounds
 l - a potion of brilliance {unknown}


   Skills:
 - Level 2.1 Fighting
 - Level 1.7 Throwing
 - Level 2.6 Dodging
 + Level 5.9 Unarmed Combat


You had 3 spell levels left.
You didn't know any spells.
Your spell library was empty.

Dungeon Overview and Level Annotations

Branches:
Dungeon (3/15)

Altars:
Cheibriados


Innate Abilities, Weirdness & Mutations

You thrive by killing the living.
You are immune to poison.
You have sharp fingernails.
Your flesh is cold resistant. (rC+)
You are immune to negative energy. (rN+++)
You do not regenerate when monsters are visible.
You are immune to unholy pain and torment.
You can survive without breathing.


Message History

The bat barely misses you. The bat misses you. The bat barely misses you.
The bat closely misses you. The bat barely misses you.
The bat hits you but does no damage. The bat completely misses you.
The bat barely misses you. The bat closely misses you.
The bat barely misses you. x2
The bat barely misses you. The bat misses you. The bat completely misses you.
The bat hits you.
* * * LOW HITPOINT WARNING * * *
The bat hits you but does no damage. The bat closely misses you.
The bat hits you but does no damage. The bat hits you but does no damage.
The orc priest calls down the wrath of Beogh upon you.
Beogh smites you!
You die...

#.#.# ........# #.. #.#†#
#####......# #.. ##.#.#
#..........# #..
#....#####.##...)...#######
#..........##..............
#...#########....†..#########
#...# ......#.#.#............
#...##.## #....oo.o..........
#†....... #.@b....#.......#..
#<..###...........#.#####.#.#
##### #.###.......... #.#..
#.......#.#. #.#..
#.......#.#.# #.#..
#.......... # #.#..
##......#.## #.# )......# #.
#


You could see an orc priest, 2 orcs and a bat.

Vanquished Creatures
  4 adders
  2 worms (D:2)
  A dart slug (D:2)
  4 bats
  5 goblins
  9 hobgoblins
  10 jackals
  6 kobolds
  A ball python (D:1)
  5 frilled lizards
  9 rats
56 creatures vanquished.

Notes
Turn   | Place    | Note
-------+----------+-------------------------------------------
     0 | D:1      | HoaS the Ghoul Gladiator began the quest for the Orb.
     0 | D:1      | Reached XP level 1. HP: 17/17 MP: 0/0
   122 | D:1      | Reached XP level 2. HP: 24/24 MP: 1/1
   145 | D:1      | Found a snail-covered altar of Cheibriados.
   154 | D:1      | Reached skill level 4 in Unarmed Combat
   594 | D:1      | Reached XP level 3. HP: 29/29 MP: 2/2
   814 | D:2      | Reached skill level 5 in Unarmed Combat
   919 | D:2      | Reached XP level 4. HP: 36/36 MP: 3/3
  1428 | D:3      | Killed from afar by an orc priest

Illustrated notes

Levels and vault maps discovered:
D:1:      dpeg_arrival_arbitrary_b, layout_basic, wad_floor_pattern_untrapped,
          cheibriados_altar_1
D:2:      layout_loops_ring, kennysheep_generic_room_15
D:3:      layout_basic

Skill      XL: |  1  2  3 |
---------------+----------+-----
Unarmed Combat | 4 5 |  5.9
Fighting       | |  2.1
Throwing       | |  1.7
Dodging        | |  2.6

Action                   |  1- 3 |  4- 6 || total
-------------------------+-------+-------++-------
Melee: Unarmed           |   111 |    73 ||   184
       Punch             |     3 |     1 ||     4
  Use: Scroll            |     8 |     2 ||    10
Armor: Leather armour    |    34 |       ||    34
       Ring mail         |       |    40 ||    40
Dodge: Dodged            |    64 |    64 ||   128
